 Dungeon Crawl Stone Soup version 0.24.0-37-gcf1ca852f1 (webtiles) character file.

Game seed: 10454505869603071351, levelgen mode: deterministic

181 eccles the Chopper (level 5, -1/42 HPs)
             Began as a Demonspawn Berserker on Nov 28, 2019.
             Was a Priest of Trog.
             Slain by an adder (4 damage)
             ... on level 5 of the Dungeon.
             The game lasted 00:15:21 (2611 turns).

eccles the Chopper (Demonspawn Berserker)           Turns: 2611, Time: 00:15:21

Health: -1/42      AC:  8    Str: 18    XL:     5   Next: 34%
Magic:  5/5        EV: 10    Int:  9    God:    Trog [***...]
Gold:   162        SH:  0    Dex: 12    Spells: 4/4 levels left

rFire    + . .     SeeInvis .   a - +0 hand axe
rCold    . . .     Gourm    .   (no shield)
rNeg     . . .     Faith    .   h - +0 scale mail
rPois    .         Spirit   .   (no helmet)
rElec    .         Reflect  .   (no cloak)
rCorr    .         Harm     .   (no gloves)
MR       .....                  (no boots)
Stlth    ..........             (no amulet)
HPRegen  0.14/turn              j - ring of protection from fire
MPRegen  0.09/turn              (no ring)

@: lethally poisoned (-1 -> -6), berserk cooldown, slowed, very slow
A: talons 1, icy blue scales 1
a: Berserk, Trog's Hand, Renounce Religion


You were on level 5 of the Dungeon.
You worshipped Trog.
Trog was most pleased with you.
You were near starving.

You visited 1 branch of the dungeon, and saw 5 of its levels.

You collected 162 gold pieces.

Inventory:

Hand Weapons
 a - a +0 hand axe (weapon)
Missiles
 d - 149 stones (quivered)
 f - 41 arrows
 i - 45 bolts
Armour
 b - a +0 animal skin
 h - a +0 scale mail (worn)
Jewellery
 j - a ring of protection from fire (left hand)
 o - an uncursed ring of ice {unknown}
Scrolls
 e - a scroll of remove curse {unknown}
 g - 4 scrolls of teleportation
 p - 3 scrolls of identify
Potions
 l - a potion of invisibility
 m - a potion of resistance
Comestibles
 c - 5 rations
 k - a chunk of flesh


   Skills:
 + Level 4.0 Fighting
 + Level 4.2 Axes
 + Level 2.1 Armour
 + Level 2.7 Dodging
 + Level 0.5 Stealth


You had 4 spell levels left.
You didn't know any spells.
Your spell library was empty.

Dungeon Overview and Level Annotations

Branches:
Dungeon (5/15)
 Temple: D:4-7

Altars:


Innate Abilities, Weirdness & Mutations

You have sharp toenails.
You are partially covered in icy blue scales. (AC +2)


Message History

You closely miss the orc. You claw the orc, but do no damage.
You barely miss the quokka. You barely miss the adder. You barely miss the orc.
You feel sick. The adder closely misses you. The quokka bites you.
* * * LOW HITPOINT WARNING * * *
The orc hits you with a +0 club.
* * * LOW HITPOINT WARNING * * *
The adder bites you but does no damage. The orc barely misses you.
The quokka bites you but does no damage.
The adder bites you but does no damage. The orc hits you but does no damage.
Okay, then.
You barely miss the quokka.
The quokka is heavily wounded.
You miss the adder. You barely miss the orc. x2
* * * LOW HITPOINT WARNING * * *
You feel sick.
The quokka bites you but does no damage.
The orc barely misses you. The adder barely misses you.
The quokka bites you but does no damage.
The orc hits you but does no damage. The orc misses you. The adder bites you.
You die...

#######
#.....#
#.....#
#Sr...#
#@o...#
#.o...#
###.###
..# .#
.# #


You could see an adder, 2 orcs and a quokka.

Vanquished Creatures
  6 adders
  3 gnolls (D:2)
  An ooze (D:3)
  4 dart slugs
  A worm (D:3)
  A leopard gecko (D:2)
  9 orcs (D:3)
  3 ball pythons
  6 bats
  3 giant cockroaches
  10 goblins
  9 hobgoblins
  7 kobolds
  4 frilled lizards
  6 rats
73 creatures vanquished.

Notes
Turn   | Place    | Note
-------+----------+-------------------------------------------
     0 | D:1      | eccles the Demonspawn Berserker began the quest for the
                  | Orb.
     0 | D:1      | Reached XP level 1. HP: 18/18 MP: 1/1
   276 | D:1      | Gained mutation: You are partially covered in icy blue
                  | scales. (AC +2) [demonic ancestry]
   276 | D:1      | Reached XP level 2. HP: 23/24 MP: 2/2
   867 | D:1      | Reached ** piety under Trog
   867 | D:1      | Reached XP level 3. HP: 22/29 MP: 3/3
  1295 | D:2      | Gained mutation: You have sharp toenails. [demonic
                  | ancestry]
  1295 | D:2      | Reached XP level 4. HP: 16/37 MP: 4/4
  1895 | D:3      | Reached XP level 5. HP: 40/42 MP: 5/5
  2137 | D:3      | Reached *** piety under Trog
  2235 | D:3      | Found a faded altar of an unknown god.
  2609 | D:5      | Entered Level 5 of the Dungeon
  2611 | D:5      | Slain by an adder

Levels and vault maps discovered:
D:1:      elethiomel_arrival_infinity_welcomes_careful_drivers, layout_basic,
          kennysheep_decorative_pillar, minivault_14,
          chequers_hall_statues_corner_a
D:2:      layout_rooms
D:3:      layout_loops_ring, chequers_ecumenical_altar_island,
          grunt_decor_one_mirror, wander_ebering_terrifying_dragon_lair
D:4:      kennysheep_goblin_castle, layout_rooms, kennysheep_mini_moat,
          kennysheep_okawaru_gauntlet, uniq_natasha, uniq_ijyb
D:5:      layout_loops_cross, nicolae_overflow_crystal_walls, first_ration,
          nicolae_ossuary_entry_ruins, minivault_19

Skill      XL: |  1  2  3  4  5 |
---------------+----------------+-----
Armour         | 2 |  2.1
Axes           | 3 4 |  4.2
Dodging        | 2 |  2.7
Fighting       | 4 |  4.0
Stealth        | |  0.5

Action                   |  1- 3 |  4- 6 || total
-------------------------+-------+-------++-------
Melee: Hand axe          |   113 |   121 ||   234
       Kick              |       |    32 ||    32
Invok: Trog's Hand       |     1 |       ||     1
       Berserk           |       |     2 ||     2
  Use: Potion            |     1 |     1 ||     2
       Scroll            |       |     7 ||     7
 Stab: Sleeping          |     1 |       ||     1
  Eat: Chunk             |     1 |     5 ||     6
Armor: Animal skin       |    30 |     6 ||    36
       Scale mail        |       |    90 ||    90
Dodge: Dodged            |    89 |   131 ||   220
